 Dungeon Crawl Stone Soup version 0.30.1-10-g1249ef9ec4 (webtiles) character file.

Game seed: 16961764007370069802

3133 SacredBeard the Reanimator (level 9, -15/66 HPs)
             Began as a Demonspawn Necromancer on Oct 26, 2023.
             Demolished by a boulder beetle (49 damage)
             ... on level 8 of the Dungeon.
             The game lasted 00:47:02 (8595 turns).

SacredBeard the Reanimator (Demonspawn Necromancer) Turns: 8595, Time: 00:47:02

Health: -15/66     AC:  6    Str:  6    XL:     9   Next: 61%
Magic:  8/18       EV: 14    Int: 26    God:
Gold:   295        SH:  0    Dex: 13    Spells: 19/20 levels left

rFire   + . .        l - +3 dagger "Monesch" {spect, Will+ Str-3 Int+5}
rCold   . . .        (no shield)
rNeg    . . .        O - +2 robe {rF+}
rPois   .            (helmet restricted)
rElec   .            k - +0 cloak
rCorr   +            (no gloves)
SInv    .            y - +0 pair of boots
Will    +....        (no amulet)
Stlth   ++           S - ring of wizardry
HPRegen 0.31/turn    G - ring of resist corrosion
MPRegen 0.16/turn

%: wizardry (x1)
@: no status effects
A: horns 2, repulsion field 1, demonic guardian 2, foul stench 2
a: no special abilities


You were on level 8 of the Dungeon.
You visited 2 branches of the dungeon, and saw 9 of its levels.

You collected 385 gold pieces.
You spent 90 gold pieces at shops.

Inventory:

Hand Weapons
 e - a +0 short sword
 g - a +0 short sword
 l - the +3 dagger "Monesch" (weapon) {spect, Will+ Str-3 Int+5}
   (You found it on level 2 of the Dungeon)

   Str:       It affects your strength (-3).
   Int:       It affects your intelligence (+5).
   Will:      It increases your willpower.
 o - the +1 sling of Departure {elec, rPois rCorr Int+3}
   (You found it on level 6 of the Dungeon)

   Int:       It affects your intelligence (+3).
   rPois:     It protects you from poison.
   rCorr:     It protects you from acid and corrosion.
 x - a +0 short sword
 A - a +0 whip of flaming
 I - a +0 short sword
 J - a +0 dagger
 N - a +0 short sword
 P - a +0 dagger
 V - a +3 whip
Missiles
 h - 85 stones
 i - 26 poisoned darts
Armour
 k - a +0 cloak (worn)
 y - a +0 pair of boots (worn)
 K - a +0 robe
 O - a +2 robe of fire resistance (worn)
 Q - a +0 robe
Jewellery
 G - a ring of resist corrosion (right hand)
 S - a ring of wizardry (left hand)
Wands
 a - a wand of flame (4)
 j - a wand of iceblast (8)
 E - a wand of charming (11)
Scrolls
 c - 2 scrolls of magic mapping {unknown}
 d - 2 scrolls of poison {unknown}
 m - a scroll of enchant weapon {unknown}
 p - 2 scrolls of enchant armour {unknown}
 s - 2 scrolls of vulnerability {unknown}
 w - a scroll of immolation {unknown}
 B - 9 scrolls of teleportation
 D - 2 scrolls of torment
 H - 3 scrolls of summoning
 M - a scroll of silence {unknown}
 T - a scroll of fog {unknown}
Potions
 b - 2 potions of magic
 f - 3 potions of lignification
 n - 2 potions of flight
 q - 2 potions of invisibility
 r - a potion of attraction
 t - a potion of berserk rage
 u - a potion of resistance
 v - 2 potions of haste
 z - 5 potions of curing
 C - a potion of ambrosia
 F - 2 potions of brilliance
 L - 3 potions of heal wounds


   Skills:
 + Level 4.7 Fighting
 - Level 2.0 Armour
 - Level 2.0 Dodging
 - Level 2.0 Stealth
 - Level 6.0 Spellcasting
 * Level 11.8 Necromancy
 - Level 3.0 Evocations


You had 19 spell levels left.
You knew the following spells:

 Your Spells              Type           Power      Damage    Failure   Level
a - Necrotise             Necr           100%       1d9       1%          1

Your spell library contained the following spells:

 Spells                   Type           Power      Damage    Failure   Level
 Vampiric Draining        Necr           62%        2d10      1%          3
 Animate Dead             Necr           62%        N/A       1%          4
 Agony                    Necr           62%        N/A       1%          5
 Magic Dart               Conj           28%        1d4       2%          1
 Summon Small Mammal      Summ           28%        N/A       2%          1
 Ensorcelled Hibernation  Hex/Ice        14%        N/A       4%          2
 Passwall                 Tmut/Erth      5%         N/A       4%          2
 Poisonous Vapours        Pois/Air       14%        N/A       4%          2
 Searing Ray              Conj           14%        2d5       4%          2
 Call Canine Familiar     Summ           7%         N/A       9%          3
 Mephitic Cloud           Conj/Pois/Air  7%         N/A       9%          3
 Portal Projectile        Hex/Tloc       14%        N/A       9%          3
 Summon Guardian Golem    Hex/Summ       7%         N/A       9%          3
 Swiftness                Air            7%         N/A       9%          3
 Tukima's Dance           Hex            7%         N/A       9%          3
 Fulminant Prism          Conj/Hex       3%         3d5       26%         4
 Blade Hands              Tmut           3%         N/A       56%         5
 Freezing Cloud           Conj/Ice/Air   3%         6-21      56%         5


Dungeon Overview and Level Annotations

Branches:
Dungeon (8/15) Zot: 26643  Temple (1/1) D:5 Zot: 5751
   Lair: D:8-11

Altars:
Cheibriados
Fedhas
Gozag
Hepliaklqana
Kikubaaqudgha
Nemelex Xobeh
Okawaru
Qazlal
Ru
Sif Muna
Trog
Uskayaw
Vehumet
Wu Jian
Xom
Yredelemnul

Shops:
D:5 (


Innate Abilities, Weirdness & Mutations

You have a pair of horns on your head.
You are surrounded by a mild repulsion field. (EV +2)
A demonic guardian rushes to your aid.
You sometimes emit foul miasma when damaged in melee.


Message History

The boulder beetle bites you.
The boulder beetle struggles to resist.
The boulder beetle is no longer moving slowly.
The boulder beetle writhes in agony.
The boulder beetle is engulfed in dark miasma.
The boulder beetle looks even sicker.
The boulder beetle bites you.
You are too injured to fight recklessly!
Unknown command.
You are too injured to fight recklessly!
Casting: Necrotise (safe; 1% risk of failure)
Confirm with . or Enter, or press ? or * to list all spells.
Aiming: Necrotise (safe; 1% risk of failure)
Press: ? - help, Shift-Dir - straight line, f/p - boulder beetle
Aim: a boulder beetle (foul pestilence, moderately wounded, very poisoned, chance to affect: 70%)
The boulder beetle struggles to resist.
The boulder beetle is engulfed in dark miasma.
The boulder beetle looks even sicker.
The boulder beetle bites you but does no damage.
Casting: Necrotise (safe; 1% risk of failure)
Confirm with . or Enter, or press ? or * to list all spells.
Aiming: Necrotise (safe; 1% risk of failure)
Press: ? - help, Shift-Dir - straight line, f/p - boulder beetle
Aim: a boulder beetle (foul pestilence, moderately wounded, very poisoned, chance to affect: 70%)
The boulder beetle writhes in agony.
The boulder beetle is engulfed in dark miasma.
The boulder beetle looks as sick as possible!
The boulder beetle bites you!
Casting: Necrotise (safe; 1% risk of failure)
Confirm with . or Enter, or press ? or * to list all spells.
Aiming: Necrotise (safe; 1% risk of failure)
Press: ? - help, Shift-Dir - straight line, f/p - boulder beetle
Aim: a boulder beetle (foul pestilence, heavily wounded, extremely poisoned, chance to affect: 70%)
The boulder beetle writhes in agony.
The boulder beetle is engulfed in dark miasma.
The boulder beetle looks as sick as possible!
The boulder beetle misses you.
The boulder beetle curls into a ball and begins rolling!
The boulder beetle hits you!!!
Ouch! That really hurt!
You die...

. #.. #.......... B. ####.#
#.......... ..#
#....###.......... ..h###
#.#....#.......... #..#.
#...##.#....>..... ...
####..###÷...........
###.#######....##...#..........
#...........##.##.#.#..........
.............###@##.#............
.......########.B...##.######.###
##.###.# ##.○..####.# #.# .. #..
####....## #..# ##.# . ##.
#.....### ##.. #..# ....###.#
#.###.## ... #.# ..##.# # ...
#.##<# ... #####.#..#


You could see a boulder beetle (rolling, extremely poisoned).

Vanquished Creatures
  A steam dragon (D:8)
  2 water moccasins
  An orc warrior (D:5)
  2 ice beasts (D:6)
  A sky beast (D:7)
  A centaur (D:6)
  3 phantoms
  A kobold brigand (D:8)
  3 bullfrogs
  A scorpion (D:4)
  A wight (D:6)
  2 howler monkeys (D:8)
  3 jellies
  A gnoll bouda (D:7)
  2 hounds
  An orc priest (D:8)
  3 iguanas
  Ijyb (D:5)
  3 orc wizards
  8 gnolls
  7 adders
  3 shadow imps
  2 white imps
  2 ufetubi
  A worm (D:2)
  A dart slug (D:1)
  16 orcs
  A bat (D:3)
  5 endoplasms
  3 giant cockroaches
  6 goblins
  10 hobgoblins
  2 jackals (D:3)
  3 quokkas
  5 ball pythons
  3 frilled lizards
  12 kobolds
  9 rats
132 creatures vanquished.

Vanquished Creatures (collateral kills)
  Pikel (Temple)
  A hornet (D:7)
  A water moccasin (D:6)
  An ogre (D:6)
  A centaur (D:7)
  3 orc wizards
  A gnoll (D:7)
  A white imp (D:5)
  5 orcs
  An endoplasm (D:3)
  A hobgoblin (D:3)
17 creatures vanquished.

Grand Total: 149 creatures vanquished

Notes
Turn   | Place    | Note
-------+----------+-------------------------------------------
     0 | D:1      | SacredBeard the Demonspawn Necromancer began the quest for
                  | the Orb.
     0 | D:1      | Reached XP level 1. HP: 13/13 MP: 3/3
   275 | D:1      | Gained mutation: You have a pair of small horns on your
                  | head. [demonic ancestry]
   275 | D:1      | Reached XP level 2. HP: 19/19 MP: 1/5
   887 | D:1      | Reached XP level 3. HP: 24/24 MP: 1/6
  1366 | D:2      | Reached skill level 5 in Necromancy
  1439 | D:2      | Identified the +3 dagger "Monesch" {spect, Will+ Str-3
                  | Int+5}
  1496 | D:2      | Reached skill level 1 in Armour
  1588 | D:2      | Gained mutation: You may rarely emit foul miasma when
                  | damaged in melee. [demonic ancestry]
  1588 | D:2      | Reached XP level 4. HP: 30/30 MP: 3/8
  2196 | D:3      | Noticed a phantom
  2196 | D:3      | Found Zin's Purification Station.
  2438 | D:3      | Found a faded altar of an unknown god.
  2703 | D:3      | Killed a phantom
  2704 | D:3      | Gained mutation: You have a pair of horns on your head.
                  | [demonic ancestry]
  2704 | D:3      | Reached XP level 5. HP: 19/35 MP: 8/10
  2766 | D:3      | You fall into a shaft and drop 2 floors!
  2766 | D:5      | Entered Level 5 of the Dungeon
  2958 | D:3      | Bought a potion of curing for 90 gold pieces
  3010 | D:3      | Found a shimmering altar of Xom.
  3376 | D:4      | Reached skill level 6 in Necromancy
  3761 | D:4      | Gained mutation: A weak demonic guardian rushes to your
                  | aid. [demonic ancestry]
  3761 | D:4      | Reached XP level 6. HP: 30/41 MP: 3/12
  4012 | D:4      | Found a blossoming altar of Fedhas.
  4012 | D:4      | Found an opulent altar of Gozag.
  4295 | D:5      | Noticed a water moccasin
  4302 | D:5      | Killed a water moccasin
  4533 | D:5      | Noticed an orc warrior
  4644 | D:5      | Found Pengorus's Weapon Shoppe.
  4692 | D:5      | Reached skill level 7 in Necromancy
  4692 | D:5      | Gained mutation: A demonic guardian rushes to your aid.
                  | [demonic ancestry]
  4692 | D:5      | Reached XP level 7. HP: 42/46 MP: 14/14
  4764 | D:5      | Found a staircase to the Ecumenical Temple.
  4769 | D:5      | Noticed Pikel
  4776 | Temple   | Entered the Ecumenical Temple
  4782 | Temple   | Killed Pikel
  4783 | Temple   | Reached skill level 5 in Spellcasting
  4783 | Temple   | Reached skill level 8 in Necromancy
  5126 | D:5      | Gained mutation: You sometimes emit foul miasma when
                  | damaged in melee. [demonic ancestry]
  5126 | D:5      | Reached XP level 8. HP: 44/52 MP: 9/17
  5259 | D:5      | Noticed Ijyb
  5455 | D:6      | Reached skill level 9 in Necromancy
  5581 | D:6      | Reached skill level 1 in Fighting
  5967 | D:6      | Identified the +1 sling of Departure {elec, rPois rCorr
                  | Int+3}
  6156 | D:6      | Reached skill level 10 in Necromancy
  6341 | D:6      | Reached skill level 1 in Evocations
  6532 | D:5      | Killed Ijyb
  6878 | D:6      | Gained mutation: You are surrounded by a mild repulsion
                  | field. (EV +2) [demonic ancestry]
  6878 | D:6      | Reached XP level 9. HP: 34/63 MP: 8/18
  7713 | D:7      | Paralysed by a hornet for 2 turns
  7720 | D:7      | Reached skill level 11 in Necromancy
  8364 | D:8      | Noticed a boulder beetle
  8595 | D:8      | Demolished by a boulder beetle

Illustrated notes

Levels and vault maps discovered:
D:1:      saegor_arrival_miasma, layout_basic, minmay_split_cup_small
D:2:      layout_basic, kennysheep_donut, reono_crystal_passage,
          minmay_joined_circles
D:3:      layout_rooms, zin_purify, xom_teletrap_fun,
          shapermc_ecumenical_altar_venn, hangedman_abyss_or_decor_stabs
D:4:      layout_loops_corners, gammafunk_temple_overflow_statue,
          minmay_misc_feat_pillars
D:5:      cheibrodos_helix_gallery, layout_gridville,
          minmay_temple_entry_statues_pillars, serial_shops,
          nicolae_shop_window_shopping, kennysheep_generic_room_14, uniq_pikel,
          uniq_ijyb
D:6:      layout_loops_cross, tso_oasis_becter
D:7:      layout_rooms, minmay_increasing_density
D:8:      gammafunk_corrupted_shrine, layout_rooms
Temple:   jpeg_temple_clearing

Skill      XL: |  1  2  3  4  5  6  7  8  9 |
---------------+----------------------------+-----
Stealth        | 2 |  2.0
Dodging        | 2 |  2.0
Necromancy     | 5 6 7 8 10 11 | 11.8
Armour         | 1 2 |  2.0
Spellcasting   | 3 4 6 |  6.0
Fighting       | 3 4 |  4.7
Evocations     | 2 3 |  3.0

Action                     |  1- 3 |  4- 6 |  7- 9 || total
---------------------------+-------+-------+-------++-------
  Melee: Unarmed           |    22 |       |       ||    22
         Dagger            |    11 |    44 |    57 ||   112
         Headbutt          |     2 |     9 |    10 ||    21
         Punch             |     1 |       |     2 ||     3
   Cast: Necrotise         |    63 |    76 |   210 ||   349
    Use: Scroll            |       |     9 |     5 ||    14
         Potion            |       |       |     1 ||     1
 Armour: Robe              |    11 |    14 |    39 ||    64
  Dodge: Dodged            |    23 |    52 |   113 ||   188
